TOP OF THE 1ST |
Savannah Hogs batting - Pitching for Pensacola Pilots : RHP Scott Willerton
|
Pitching: RHP Scott Willerton
|
|
Batting: RHB Ramón Gómez
|
0-0: Called Strike 0-1: Ball 1-1: Ball 2-1: Ball 3-1: Called Strike 3-2: Strikes out swinging
|
Batting: RHB Alex Whitehead
|
0-0: Ball 1-0: Foul Ball, location: 2F 1-1: Called Strike 1-2: Ball 2-2: Ball 3-2: Strikes out looking
|
Batting: RHB Henry Haines
|
0-0: Fly out, F7 (Flyball, 7)
|
Top of the 1st over - 0 run(s), 0 hit(s), 0 error(s), 0 left on base; Savannah 0 - Pensacola 0 |
BOTTOM OF THE 1ST |
Pensacola Pilots batting - Pitching for Savannah Hogs : RHP Mike Gordon
|
Pitching: RHP Mike Gordon
|
|
Batting: SHB José Velásquez
|
0-0: Called Strike 0-1: Foul Ball, location: 2F 0-2: Strikes out swinging
|
Batting: LHB Nick Gamble
|
0-0: Called Strike 0-1: Called Strike 0-2: Ball 1-2: DOUBLE (Line Drive, 7LM)
|
Batting: LHB Weston Chaney
|
0-0: Called Strike 0-1: Ground out 6-3 (Groundball, 6)
|
Batting: LHB Brenton Carter
|
0-0: Swinging Strike 0-1: Called Strike 0-2: Ball 1-2: Ground out 3-1 (Groundball, 34)
|
Bottom of the 1st over - 0 run(s), 1 hit(s), 0 error(s), 1 left on base; Savannah 0 - Pensacola 0 |
TOP OF THE 2ND |
Savannah Hogs batting - Pitching for Pensacola Pilots : RHP Scott Willerton
|
Batting: LHB Mario Álvarez
|
0-0: Called Strike 0-1: Hit by Pitch
|
Batting: LHB Juan Vásquez
|
0-0: Foul Ball, location: 2F 0-1: Ball 1-1: Ball Mario Álvarez is caught stealing 2nd base 2-1: Fly out, F3 (Line Drive, 3L)
|
Batting: RHB Guillermo González
|
0-0: Ball 1-0: Foul Ball, location: 2F 1-1: Ball 2-1: Foul Ball, location: 2F 2-2: Foul Ball, location: 2F 2-2: Ground out 5-3 (Groundball, 5S)
|
Top of the 2nd over - 0 run(s), 0 hit(s), 0 error(s), 0 left on base; Savannah 0 - Pensacola 0 |
BOTTOM OF THE 2ND |
Pensacola Pilots batting - Pitching for Savannah Hogs : RHP Mike Gordon
|
Batting: RHB Leopoldo Horgan
|
0-0: Ball 1-0: Ball 2-0: Swinging Strike 2-1: Fly out, F8 (Flyball, 8RM)
|
Batting: LHB Armando Domínguez
|
0-0: Ground out 4-3 (Groundball, 4)
|
Batting: RHB Julian Lee
|
0-0: Ball 1-0: Ball 2-0: Ball 3-0: Called Strike 3-1: Base on Balls
|
Batting: RHB Dennis Mays
|
0-0: Ball 1-0: Ball 2-0: Ground out 6-3 (Groundball, 6MS)
|
Bottom of the 2nd over - 0 run(s), 0 hit(s), 0 error(s), 1 left on base; Savannah 0 - Pensacola 0 |
TOP OF THE 3RD |
Savannah Hogs batting - Pitching for Pensacola Pilots : RHP Scott Willerton
|
Batting: LHB Miguel Medellín
|
0-0: Ball 1-0: Ball 2-0: Called Strike 2-1: Swinging Strike 2-2: Strikes out swinging
|
Batting: LHB Guillermo Santos
|
0-0: Swinging Strike 0-1: Swinging Strike 0-2: Strikes out looking
|
Batting: LHB Marv Alexander
|
0-0: Ball 1-0: Ball 2-0: Foul Ball, location: 2F 2-1: Ball 3-1: Base on Balls
|
Batting: RHB Ramón Gómez
|
0-0: Ball 1-0: Called Strike 1-1: Ball 2-1: Foul Ball, location: 2F 2-2: Strikes out swinging
|
Top of the 3rd over - 0 run(s), 0 hit(s), 0 error(s), 1 left on base; Savannah 0 - Pensacola 0 |
BOTTOM OF THE 3RD |
Pensacola Pilots batting - Pitching for Savannah Hogs : RHP Mike Gordon
|
Batting: RHB José Ramos
|
0-0: Foul Ball, location: 2F 0-1: Ball 1-1: Ball 2-1: Fly out, F6 (Line Drive, 6)
|
Batting: SHB José Velásquez
|
0-0: Ball 1-0: Called Strike 1-1: Called Strike 1-2: Ball 2-2: Ground out U3 (Groundball, 34)
|
Batting: LHB Nick Gamble
|
0-0: Ground out U3 (Groundball, 34)
|
Bottom of the 3rd over - 0 run(s), 0 hit(s), 0 error(s), 0 left on base; Savannah 0 - Pensacola 0 |
TOP OF THE 4TH |
Savannah Hogs batting - Pitching for Pensacola Pilots : RHP Scott Willerton
|
Batting: RHB Alex Whitehead
|
0-0: Ball 1-0: Ball 2-0: Ground out 5-3 (Groundball, 56S)
|
Batting: RHB Henry Haines
|
0-0: Ball 1-0: Called Strike 1-1: Reached on error, E4 (Groundball, 34D)
|
Batting: LHB Mario Álvarez
|
0-0: Grounds into double play, 4-6-3 (Groundball, 4)
|
Top of the 4th over - 0 run(s), 0 hit(s), 1 error(s), 0 left on base; Savannah 0 - Pensacola 0 |
BOTTOM OF THE 4TH |
Pensacola Pilots batting - Pitching for Savannah Hogs : RHP Mike Gordon
|
Batting: LHB Weston Chaney
|
0-0: Foul Ball, location: 2F 0-1: Foul Ball, location: 2F 0-2: Ball 1-2: Ball 2-2: Ball 3-2: Foul Ball, location: 2F 3-2: SINGLE (Flyball, 78S)
|
Batting: LHB Brenton Carter
|
0-0: Foul Ball, location: 2F 0-1: Swinging Strike 0-2: Ball 1-2: Strikes out swinging
|
Batting: RHB Leopoldo Horgan
|
0-0: SINGLE (Groundball, 4MD) Weston Chaney to second
|
Batting: LHB Armando Domínguez
|
0-0: Called Strike 0-1: Ball 1-1: SINGLE (Groundball, 34D) Weston Chaney to third Leopoldo Horgan to second Runner from 3rd tries for Home, SAFE, throw made home Leopoldo Horgan to third Armando Domínguez to second
|
Batting: RHB Julian Lee
|
0-0: Ball 1-0: Ball 2-0: Called Strike 2-1: SINGLE (Line Drive, 4MD) Leopoldo Horgan scores Armando Domínguez to third
|
Batting: RHB Dennis Mays
|
0-0: Ball 1-0: Called Strike 1-1: Foul Ball, location: 2F 1-2: Ground out 5-3 (Groundball, 5S) Armando Domínguez scores Julian Lee to second
|
Batting: RHB José Ramos
|
0-0: Foul Ball, location: 2F 0-1: Fly out, F9 (Flyball, 9)
|
Bottom of the 4th over - 3 run(s), 4 hit(s), 0 error(s), 1 left on base; Savannah 0 - Pensacola 3 |
TOP OF THE 5TH |
Savannah Hogs batting - Pitching for Pensacola Pilots : RHP Scott Willerton
|
Batting: LHB Juan Vásquez
|
0-0: Ball 1-0: Ball 2-0: DOUBLE (Line Drive, 89S)
|
Batting: RHB Guillermo González
|
0-0: Ball Juan Vásquez is caught stealing 3rd base 1-0: Ball 2-0: Called Strike 2-1: Ball 3-1: Foul Ball, location: 2F 3-2: Strikes out swinging
|
Batting: LHB Miguel Medellín
|
0-0: Ball 1-0: Foul Ball, location: 2F 1-1: Fly out, F9 (Line Drive, 9)
|
Top of the 5th over - 0 run(s), 1 hit(s), 0 error(s), 0 left on base; Savannah 0 - Pensacola 3 |
BOTTOM OF THE 5TH |
Pensacola Pilots batting - Pitching for Savannah Hogs : RHP Mike Gordon
|
Batting: SHB José Velásquez
|
0-0: Foul Ball, location: 2F 0-1: Swinging Strike 0-2: Ground out 4-3 (Groundball, 4)
|
Batting: LHB Nick Gamble
|
0-0: Called Strike 0-1: Ground out 5-3 (Groundball, 56S)
|
Batting: LHB Weston Chaney
|
0-0: Ball 1-0: Foul Ball, location: 2F 1-1: SINGLE (Groundball, 34D)
|
Batting: LHB Brenton Carter
|
0-0: Fly out, F1 (Line Drive, 13)
|
Bottom of the 5th over - 0 run(s), 1 hit(s), 0 error(s), 1 left on base; Savannah 0 - Pensacola 3 |
TOP OF THE 6TH |
Savannah Hogs batting - Pitching for Pensacola Pilots : RHP Scott Willerton
|
Batting: LHB Guillermo Santos
|
0-0: Swinging Strike 0-1: SINGLE (Line Drive, 4)
|
Batting: LHB Marv Alexander
|
0-0: Ball 1-0: Foul Ball, location: 2F 1-1: Ball 2-1: Ball 3-1: Called Strike 3-2: Base on Balls Guillermo Santos to second
|
Batting: RHB Ramón Gómez
|
0-0: Ball 1-0: Called Strike 1-1: Swinging Strike 1-2: Ball 2-2: Foul Ball, location: 2F 2-2: SINGLE (Groundball, 6MD) Guillermo Santos to third Marv Alexander to second
|
Batting: RHB Alex Whitehead
|
0-0: GRAND SLAM HOME RUN (Flyball, 7LD), Distance : 346 ft
|
Batting: RHB Henry Haines
|
0-0: Ball 1-0: Ball 2-0: Called Strike 2-1: Fly out, F9 (Flyball, 9LSF)
|
Batting: LHB Mario Álvarez
|
0-0: Foul Ball, location: 2F 0-1: Foul Ball, location: 2F 0-2: Ball 1-2: DOUBLE (Flyball, 9D)
|
Pitching: RHP Manuel Cadenas
|
|
Batting: LHB Juan Vásquez
|
0-0: Called Strike Mario Álvarez is caught stealing 3rd base 0-1: Ball 1-1: Swinging Strike 1-2: TRIPLE (Line Drive, 9LM)
|
Batting: RHB Guillermo González
|
0-0: Ball 1-0: Fly out, F8 (Flyball, 8RM)
|
Top of the 6th over - 4 run(s), 5 hit(s), 0 error(s), 1 left on base; Savannah 4 - Pensacola 3 |
BOTTOM OF THE 6TH |
Pensacola Pilots batting - Pitching for Savannah Hogs : RHP Mike Gordon
|
Batting: RHB Leopoldo Horgan
|
0-0: Foul Ball, location: 2F 0-1: Ball 1-1: Fly out, F7 (Flyball, 7LS)
|
Batting: LHB Armando Domínguez
|
0-0: Called Strike 0-1: Swinging Strike 0-2: Fly out, F3 (Popup, 3)
|
Batting: RHB Julian Lee
|
0-0: Called Strike 0-1: Called Strike 0-2: Foul Ball, location: 2F 0-2: Reached on error, E5 (Groundball, 5S)
|
Pitching: RHP Ramón Martínez
|
|
Batting: RHB Dennis Mays
|
0-0: Called Strike 0-1: Ground out 6-3 (Groundball, 56)
|
Bottom of the 6th over - 0 run(s), 0 hit(s), 1 error(s), 1 left on base; Savannah 4 - Pensacola 3 |
TOP OF THE 7TH |
Savannah Hogs batting - Pitching for Pensacola Pilots : RHP Manuel Cadenas
|
Batting: LHB Miguel Medellín
|
0-0: Ball 1-0: Ground out 4-3 (Groundball, 4)
|
Batting: LHB Guillermo Santos
|
0-0: Ball 1-0: Foul Ball, location: 2F 1-1: SINGLE (Line Drive, 4D)
|
Batting: LHB Marv Alexander
|
0-0: Ball 1-0: SINGLE (Line Drive, 6MD) Guillermo Santos to second
|
Pinch Hitting: RHB Miguel Cervantes
|
0-0: Foul Ball, location: 2F 0-1: Foul Ball, location: 2F 0-2: Ball 1-2: Ball 2-2: Foul Ball, location: 2F 2-2: Strikes out swinging
|
Pinch Hitting: LHB Marv Gardner
|
0-0: Called Strike 0-1: Ball 1-1: Swinging Strike 1-2: Ball 2-2: Strikes out looking
|
Top of the 7th over - 0 run(s), 2 hit(s), 0 error(s), 2 left on base; Savannah 4 - Pensacola 3 |
BOTTOM OF THE 7TH |
Pensacola Pilots batting - Pitching for Savannah Hogs : RHP Ramón Martínez
|
Now at 3B: Luis González
|
|
Now at SS: Jorge Garza
|
|
Batting: RHB José Ramos
|
0-0: Ball 1-0: SINGLE (Flyball, 8LS)
|
Batting: SHB José Velásquez
|
0-0: Sac Bunt - play at first, batter OUT! 5-4 José Ramos to second
|
Pitching: LHP Kees Asmus
|
|
Pinch Hitting: RHB Jesús Sánchez
|
0-0: Ball 1-0: Foul Ball, location: 2F 1-1: Ground out 5-3 (Groundball, 5S) José Ramos to third
|
Pinch Hitting: RHB Jorge Domínguez
|
0-0: Foul Ball, location: 2F 0-1: Ball 1-1: Foul Ball, location: 2F 1-2: Foul Ball, location: 2F 1-2: Ball 2-2: Ball 3-2: Foul Ball, location: 2F 3-2: Base on Balls
|
Pitching: RHP Ramón Alaniz
|
|
Batting: LHB Brenton Carter
|
0-0: Foul Ball, location: 2F 0-1: Swinging Strike 0-2: Ball 1-2: SINGLE (Line Drive, 78S) José Ramos scores Jorge Domínguez to second Runner from 2nd tries for 3rd, SAFE, no throw
|
Pinch Hitting: SHB Fernando Gutiérrez
|
0-0: DOUBLE (Groundball, 3L) Jorge Domínguez scores Brenton Carter to third
|
Pinch Hitting: LHB Ricardo García
|
0-0: Called Strike 0-1: Ball 1-1: Foul Ball, location: 2F 1-2: Ball 2-2: Ball 3-2: Ground out U3 (Groundball, 34)
|
Bottom of the 7th over - 2 run(s), 3 hit(s), 0 error(s), 2 left on base; Savannah 4 - Pensacola 5 |
TOP OF THE 8TH |
Savannah Hogs batting - Pitching for Pensacola Pilots : RHP Manuel Cadenas
|
Now at 1B: Fernando Gutiérrez
|
|
Now at 3B: Jorge Domínguez
|
|
Now at SS: José Herrera
|
|
Now in LF: Ricardo García
|
|
Batting: RHB Henry Haines
|
0-0: Swinging Strike 0-1: Ground out 6-3 (Groundball, 6)
|
Pitching: LHP Mas Fogo
|
|
Batting: LHB Mario Álvarez
|
0-0: Ball 1-0: Ball 2-0: Called Strike 2-1: SINGLE (Flyball, 9S)
|
Pinch Hitting: RHB Orlando Márquez
|
|
Pitching: RHP Pedro Bueno
|
0-0: Ball 1-0: Swinging Strike 1-1: Ball 2-1: Foul Ball, location: 2F 2-2: Ball 3-2: Foul Ball, location: 2F 3-2: Foul Ball, location: 2F 3-2: Strikes out swinging
|
Pinch Hitting: LHB António Gutiérrez
|
0-0: Ball 1-0: Called Strike 1-1: Ball 2-1: SINGLE (Groundball, 34D) Mario Álvarez to second Runner from 2nd tries for 3rd, SAFE, throw made to third
|
Batting: LHB Miguel Medellín
|
0-0: DOUBLE (Line Drive, 9) Mario Álvarez scores António Gutiérrez to third
|
Batting: LHB Guillermo Santos
|
0-0: SINGLE (Groundball, 34D) António Gutiérrez scores Miguel Medellín to third Runner from 3rd tries for Home, SAFE, no throw
|
Batting: LHB Marv Alexander
|
0-0: Ball 1-0: Called Strike Guillermo Santos steals 2nd base 1-1: Ball 2-1: Ball 3-1: Ground out U3 (Groundball, 3L)
|
Top of the 8th over - 3 run(s), 4 hit(s), 0 error(s), 1 left on base; Savannah 7 - Pensacola 5 |
BOTTOM OF THE 8TH |
Pensacola Pilots batting - Pitching for Savannah Hogs : RHP Ramón Alaniz
|
Now at 1B: Ernesto Gómez
|
|
Now in LF: Jorge Chávez
|
|
Now in RF: Orlando Márquez
|
|
Batting: RHB Julian Lee
|
0-0: Ball 1-0: Fly out, F8 (Flyball, 8LM)
|
Batting: RHB Dennis Mays
|
0-0: Ball 1-0: Ball 2-0: Called Strike 2-1: Fly out, F6 (Popup, 6MD)
|
Batting: RHB José Ramos
|
0-0: Ball 1-0: Called Strike 1-1: Ground out 5-3 (Groundball, 5L)
|
Bottom of the 8th over - 0 run(s), 0 hit(s), 0 error(s), 0 left on base; Savannah 7 - Pensacola 5 |
TOP OF THE 9TH |
Savannah Hogs batting - Pitching for Pensacola Pilots : RHP Pedro Bueno
|
Batting: RHB Luis González
|
0-0: Swinging Strike 0-1: Reached on error, E5 (Groundball, 5L)
|
Batting: RHB Jorge Garza
|
0-0: Called Strike 0-1: Foul Ball, location: 2F 0-2: Ground out 5-3 (Groundball, 56S) Luis González to third
|
Batting: RHB Henry Haines
|
0-0: Foul Ball, location: 2F 0-1: SINGLE (Line Drive, 56) Luis González scores
|
Pitching: RHP Juan Martínez
|
|
Batting: LHB Mario Álvarez
|
0-0: Called Strike 0-1: Ball 1-1: Foul Ball, location: 2F 1-2: Fly out, F8 (Line Drive, 8LM)
|
Batting: RHB Orlando Márquez
|
0-0: Called Strike 0-1: Called Strike 0-2: Ball 1-2: Strikes out swinging
|
Top of the 9th over - 1 run(s), 1 hit(s), 1 error(s), 1 left on base; Savannah 8 - Pensacola 5 |
BOTTOM OF THE 9TH |
Pensacola Pilots batting - Pitching for Savannah Hogs : RHP Ramón Alaniz
|
Pitching: RHP José Gonzáles
|
|
Batting: SHB José Velásquez
|
0-0: Ball 1-0: Ball 2-0: Ball 3-0: Called Strike 3-1: Ground out 5-3 (Groundball, 56S)
|
Batting: RHB José Herrera
|
0-0: Called Strike 0-1: Swinging Strike 0-2: Foul Ball, location: 2F 0-2: Strikes out swinging
|
Batting: RHB Jorge Domínguez
|
0-0: Called Strike 0-1: Ball 1-1: SINGLE (Line Drive, 5D)
|
Batting: LHB Brenton Carter
|
0-0: Foul Ball, location: 2F 0-1: Ball 1-1: Fielders Choice at 2nd, 4-6 (Groundball, 4)
|
Bottom of the 9th over - 0 run(s), 1 hit(s), 0 error(s), 0 left on base; Savannah 8 - Pensacola 5 |
|